 Dungeon Crawl Stone Soup version 0.29.1-1-gd02db6906a (webtiles) character file.

Game seed: 8375283468319150086

123 EvilAshe the Caller (level 5, -4/35 HPs)
             Began as a Merfolk Summoner on Sept 22, 2022.
             Splashed by a jelly's acid (9 damage)
             ... on level 5 of the Dungeon.
             The game lasted 00:11:01 (4709 turns).

EvilAshe the Caller (Merfolk Summoner)              Turns: 4709, Time: 00:11:01

Health: -4/35      AC:  3    Str:  9    XL:     5   Next: 7%
Magic:  13/18      EV: 10    Int: 14    God:
Gold:   235        SH:  0    Dex: 16    Spells: 7/10 levels left

rFire   . . .      SeeInvis .   f - +1 long sword
rCold   . . .      Faith    .   (no shield)
rNeg    . . .      Spirit   .   n - +0 ring mail
rPois   .          Reflect  .   l - +1 helmet
rElec   .          Harm     .   (no cloak)
rCorr   .          Rampage  .   (no gloves)
Will    .....                   (no boots)
Stlth   +.........              (no amulet)
HPRegen 0.11/turn               r - ring of magical power
MPRegen 0.16/turn               (no ring)

@: corroded
A: (nimble swimmer 2), mertail
a: no special abilities


You were on level 5 of the Dungeon.
You visited 1 branch of the dungeon, and saw 5 of its levels.

You collected 235 gold pieces.

Inventory:

Hand Weapons
 f - a +1 long sword (weapon)
Missiles
 k - 2 throwing nets
 p - 6 curare-tipped darts
 q - 3 poisoned darts
Armour
 l - a +1 helmet (worn)
 n - a +0 ring mail (worn)
Jewellery
 r - a ring of magical power (left hand)
Scrolls
 a - a scroll of noise {unknown}
 d - a scroll of teleportation
 e - a scroll of enchant weapon
 g - a scroll of summoning {unknown}
 h - 2 scrolls of poison
 i - a scroll of enchant armour
 j - a scroll of brand weapon {unknown}
 m - a scroll of torment {unknown}
 s - a scroll of identify {unknown}
 t - a scroll of amnesia {unknown}
 u - a scroll of fear {unknown}
 v - a scroll of fog {unknown}
Potions
 b - 2 potions of magic
 c - a potion of heal wounds {unknown}
 o - a potion of brilliance


   Skills:
 + Level 1.4 Long Blades
 - Level 2.6 Dodging
 - Level 2.1 Stealth
 + Level 3.0 Spellcasting
 * Level 5.4 Summonings


You had 7 spell levels left.
You knew the following spells:

 Your Spells              Type           Power      Damage    Failure   Level
a - Summon Small Mammal   Summ           68%        N/A       6%          1
b - Call Imp              Summ           17%        N/A       10%         2

Your spell library contained the following spells:

 Spells                   Type           Power      Damage    Failure   Level
 Call Canine Familiar     Summ           17%        N/A       19%         3
 Summon Guardian Golem    Hex/Summ       9%         N/A       52%         3
 Static Discharge         Conj/Air       2%         3-4/arc   65%         2
 Summon Lightning Spire   Summ/Air       9%         N/A       89%         4
 Lightning Bolt           Conj/Air       1%         1d12      100%        5
 Maxwell's Capacitive Co  Air            1%         ∞         100%        8


Dungeon Overview and Level Annotations

Branches:
Dungeon (5/15)
 Temple: D:4-7

Altars:

Annotations:
D:2 Sigmund
D:3 exclusion: downstairs
D:4 Eustachio, Pikel


Innate Abilities, Weirdness & Mutations

((You are very nimble when in or above water. (Stealth+, EV+, Speed+++)))
Your lower body shifts to a powerful aquatic tail in water.


Message History

Your crimson imp hits the jelly.
Your crimson imp is burned by acid!
The jelly misses you.
Casting: Summon Small Mammal (safe; 6% risk of failure)
Confirm with . or Enter, or press ? or * to list all spells.
The jelly hits you. The acid corrodes you!
You are splashed with acid!
Your crimson imp hits the jelly.
The acid corrodes your crimson imp!
Your crimson imp is burned by acid!
Your bat hits the jelly.
Your bat is burned by acid!
Your crimson imp hits the jelly.
Your crimson imp seems to be corroded for longer.
Your crimson imp is burned by acid!
The jelly hits you.
You are splashed with acid.
The jelly attacks as you move away! The jelly misses you.
Found a pink potion.
Your bat hits the jelly. The acid corrodes your bat!
Your bat is burned by acid!
Your bat dies!
Your bat's corpse disappears in a puff of smoke!
Your crimson imp hits the jelly.
Your crimson imp is burned by acid!
Casting: Summon Small Mammal (safe; 6% risk of failure)
Confirm with . or Enter, or press ? or * to list all spells.
The jelly barely misses you.
Your bat hits the jelly.
Your bat is burned by acid!
Your bat dies!
Your bat's corpse disappears in a puff of smoke!
The jelly hits you.
You are splashed with acid!
* * * LOW HITPOINT WARNING * * *
Your crimson imp hits the jelly.
Your crimson imp is burned by acid!
Your crimson imp dies!
Your crimson imp disappears in a puff of smoke!
You barely miss the jelly.
The jelly is almost dead.
The jelly hits you.
* * * LOW HITPOINT WARNING * * *
You are splashed with acid!
You die...

.## ... ... ####
##! ... .....
######.... ...
......##§§.......
...
......§.J@...#
...
......§#######
l.. #.#..## #..
## ..# .


You could see a jelly.

Vanquished Creatures
  A lemure (D:3)
  A dart slug (D:2)
  10 ball pythons
  3 bats
  An endoplasm (D:1)
  A giant cockroach (D:3)
  3 goblins (D:3)
  6 hobgoblins
  A kobold (D:3)
  3 quokkas
  A frilled lizard (D:3)
  3 rats
34 creatures vanquished.

Vanquished Creatures (collateral kills)
  A bullfrog (D:3)
  A worm (D:3)
  3 ball pythons
  2 endoplasms (D:1)
  2 goblins
  2 hobgoblins (D:1)
  A quokka (D:3)
  A bat (D:1)
  2 kobolds
15 creatures vanquished.

Grand Total: 49 creatures vanquished

Notes
Turn   | Place    | Note
-------+----------+-------------------------------------------
     0 | D:1      | EvilAshe the Merfolk Summoner began the quest for the Orb.
     0 | D:1      | Reached XP level 1. HP: 13/13 MP: 3/3
   395 | D:1      | Reached XP level 2. HP: 19/19 MP: 5/5
   790 | D:1      | Learned a level 2 spell: Call Imp
  1865 | D:2      | Noticed Sigmund
  1888 | D:2      | Reached XP level 3. HP: 14/24 MP: 4/6
  2274 | D:2      | Found a faded altar of an unknown god.
  2933 | D:4      | Noticed Pikel
  2933 | D:4      | Noticed a lemure
  2933 | D:4      | Noticed a lemure
  2933 | D:4      | Noticed a lemure
  2933 | D:4      | Noticed a lemure
  2947 | D:3      | Killed a lemure
  3013 | D:3      | Reached skill level 5 in Summonings
  3365 | D:4      | Noticed an ogre
  3646 | D:3      | Noticed a bullfrog
  3956 | D:3      | Reached XP level 4. HP: 30/30 MP: 7/7
  4248 | D:3      | Noticed an ice beast
  4563 | D:3      | Killed a bullfrog
  4564 | D:3      | Reached skill level 1 in Long Blades
  4564 | D:3      | Reached XP level 5. HP: 30/35 MP: 9/9
  4684 | D:4      | Noticed Eustachio
  4691 | D:5      | Entered Level 5 of the Dungeon
  4709 | D:5      | Splashed by a jelly's acid

Illustrated notes

Levels and vault maps discovered:
D:1:      minmay_arrival_five_plusses, layout_loops_ring
D:2:      layout_loops_corners, basic_ecumenical_altar, minmay_pentomino_q2,
          uniq_sigmund
D:3:      layout_loops_corners
D:4:      layout_basic, uniq_eustachio, uniq_pikel, uniq_grinder
D:5:      layout_rooms

Skill      XL: |  1  2  3  4 |
---------------+-------------+-----
Summonings     | 5 |  5.4
Long Blades    | 1 |  1.4
Spellcasting   | 3 |  3.0
Dodging        | |  2.6
Stealth        | |  2.1

Action                   |  1- 3 |  4- 6 || total
-------------------------+-------+-------++-------
Melee: Unarmed           |    10 |       ||    10
       Long sword        |   103 |    15 ||   118
 Cast: Summon Small Mamm |    46 |    10 ||    56
       Call Imp          |     1 |     2 ||     3
  Use: Scroll            |     2 |     3 ||     5
 Stab: Sleeping          |     9 |       ||     9
Armor: Robe              |    20 |       ||    20
       Ring mail         |    26 |    16 ||    42
Dodge: Dodged            |    98 |    23 ||   121
